Map: Rhoskallian LE

Players

qqq - Winner!

  • Race: Protoss Protoss
  • Spawn Location: 5:00

Massa - Winner!

  • Race: Terran Terran
  • League: Gold
  • Spawn Location: 6:00

Ruginila

  • Race: Protoss Protoss
  • League: Gold
  • Spawn Location: 12:00

Monkey

  • Race: Zerg Zerg
  • Spawn Location: 11:00

VOD

Have the link to the VOD?

Description

Time

  • Played on: June 27, 2020, 8:23 a.m.
  • Length: 10:44
Show
View Real Time Build Order
Export as new Build Order

qqq Protoss - Winner!

Build Orders: Phoenix Opening 

Get SALT Encoding   

  12  0:01  Probe  
  13  0:17  Pylon  
  13  0:20  Probe  
  14  0:32  Probe  
  15  0:41  Gateway  
  15  0:50  Pylon  
  15  1:00  Assimilator  
  15  1:17  Probe  
  16  1:19  Pylon  
  16  1:23  Assimilator  
  16  1:28  Assimilator  
  16  1:29  Probe  
  17  1:41  Probe  
  18  1:56  Probe  
  19  2:01  Cybernetics Core  
  20  2:08  Probe  
  20  2:20  Probe  
  21  2:27  Nexus  
  21  2:32  Probe  
  22  2:44  Probe  
  22  2:50  Stargate  
  23  2:56  Probe  
  24  3:19  Forge  
  24  3:22  Stargate  
  24  3:25  Robotics Facility  
  24  3:37  Phoenix  
  26  3:44  Probe  
  27  3:57  Probe, Photon Cannon  
  28  4:09  Probe  
  29  4:10  Phoenix  
  29  4:14  Observer  
  31  4:19  Probe  
  32  4:24  Assimilator  
  32  4:28  Probe, Assimilator  
  32  4:34  Phoenix  
  32  4:36  Probe  
  36  4:47  Probe  
  37  4:52  Phoenix  
  37  4:59  Probe  
  40  5:06  Probe  
  41  5:11  Probe  
  41  5:12  Phoenix  
  44  5:18  Probe  
  45  5:22  Phoenix  
  45  5:23  Probe  
  48  5:30  Probe  
  49  5:35  Probe  
  49  5:37  Protoss Air Weapons Level 1  
  49  5:42  Probe  
  51  5:45  Phoenix  
  51  5:48  Probe  
  54  5:52  Pylon  
  54  6:01  Pylon  
  54  6:09  Phoenix  
  54  6:10  Probe x2  
  58  6:11  Pylon  
  58  6:12  Phoenix  
  58  6:13  Pylon  
  60  6:22  Probe  
  61  6:34  Phoenix  
  61  6:37  Phoenix  
  61  6:39  Fleet Beacon  
  65  7:09  Phoenix  
  67  7:19  Stargate  
  67  7:26  Carrier  
  73  7:46  Protoss Air Armor Level 1  
  66  8:06  Carrier  
  66  8:12  Carrier  
  76  8:21  Observer  
  76  8:23  Probe  
  78  8:35  Probe  
  79  8:45  Carrier, Nexus  
  79  8:46  Pylon  
  79  8:48  Probe  
  86  8:50  Pylon  
  86  9:00  Pylon  
  86  9:03  Pylon  
  86  9:06  Pylon  
  86  9:10  Carrier  
  92  9:18  Pylon  
  92  9:21  Pylon  
  92  9:42  Photon Cannon  
  98  9:45  Photon Cannon  
  98  9:47  Photon Cannon  
  98  9:51  Photon Cannon, Pylon  
  98  9:58  Shield Battery  
  98  10:01  Shield Battery  
  98  10:02  Photon Cannon  
Show
View Real Time Build Order
Export as new Build Order

Massa Terran - Winner!

Build Orders:  

Get SALT Encoding   

  12  0:07  SCV  
  13  0:20  SCV  
  14  0:25  Supply Depot  
  14  0:32  SCV  
  15  0:47  SCV  
  15  0:48  Barracks  
  16  1:06  SCV  
  17  1:12  Supply Depot  
  17  1:18  SCV  
  18  1:30  SCV  
  19  1:36  Marine  
  20  1:43  Command Center  
  20  1:48  Refinery  
  20  1:54  Marine  
  21  2:12  Marine  
  21  2:14  SCV  
  23  2:38  Supply Depot  
  23  2:47  Barracks  
  23  2:54  SCV, Marine  
  25  2:59  SCV  
  25  3:01  Supply Depot  
  26  3:07  SCV  
  26  3:11  SCV  
  26  3:12  Marine  
  29  3:15  Factory  
  29  3:19  SCV  
  30  3:23  SCV  
  30  3:25  Supply Depot  
  31  3:30  Marine  
  31  3:32  Orbital Command  
  32  3:35  SCV  
  32  3:40  Supply Depot  
  33  3:46  Marine  
  33  3:48  Marine  
  35  3:49  Supply Depot  
  35  3:54  Barracks  
  35  4:00  Factory Tech Lab  
  35  4:04  Marine  
  35  4:05  Marine  
  37  4:10  Orbital Command  
  37  4:11  SCV  
  38  4:23  Barracks Tech Lab, SCV  
  39  4:24  Marine  
  39  4:29  Siege Tank  
  43  4:35  SCV  
  43  4:38  SCV  
  45  4:42  Marine  
  45  4:44  Refinery  
  46  4:47  SCV, Combat Shield  
  46  4:50  SCV, Marine  
  49  4:55  Marauder  
  51  5:00  Refinery  
  51  5:03  Refinery  
  51  5:08  Marine  
  52  5:16  Engineering Bay  
  52  5:34  Command Center  
  52  5:35  Barracks Reactor  
  52  5:47  Supply Depot  
  52  5:48  Barracks Tech Lab  
  52  5:52  Supply Depot  
  52  5:58  Siege Tank  
  55  6:07  Marauder x2  
  55  6:10  Concussive Shells  
  59  6:14  SCV  
  59  6:15  SCV  
  61  6:21  Marine x2  
  63  6:26  SCV  
  63  6:27  SCV  
  63  6:28  Marauder  
  63  6:29  Marauder  
  63  6:31  Missile Turret  
  69  6:33  Terran Infantry Weapons Level 1  
  69  6:38  Marine  
  69  6:39  SCV x2, Marine  
  73  6:40  Stimpack  
  73  6:50  Marauder x2  
  73  6:51  SCV x2  
  79  6:56  Marine, Siege Tank  
  79  6:58  Marine  
  84  7:03  SCV x2  
  86  7:11  Marauder, Marine  
  86  7:14  Marine  
  86  7:15  SCV x2, Marine  
  94  7:29  Widow Mine, Marauder, Planetary Fortress  
  97  7:30  SCV x2  
  97  7:32  Marine  
  97  7:33  Marauder, Marine  
  103  7:42  SCV x2  
  105  7:50  Widow Mine  
  105  7:51  Marauder  
  109  8:03  Supply Depot  
  109  8:06  Supply Depot  
  109  8:11  Missile Turret  
  109  8:18  Armory  
  109  8:21  Engineering Bay  
  109  8:25  SCV x3, Marauder  
  114  8:27  Supply Depot  
  114  8:28  Terran Infantry Armor Level 1  
  114  8:31  Missile Turret  
  114  8:32  Supply Depot  
  114  8:35  Command Center  
  114  8:37  SCV x3  
  117  8:41  Siege Tank  
  117  8:43  Marauder, Marine  
  117  8:44  Marine  
  124  8:49  SCV x3, Marauder  
  124  8:51  Supply Depot  
  124  8:52  Missile Turret  
  124  8:53  Supply Depot  
  124  8:54  Supply Depot  
  129  8:56  Supply Depot  
  129  8:57  Supply Depot  
  129  9:01  SCV x2  
  131  9:05  Marauder, Sensor Tower  
  133  9:10  Marauder  
  133  9:13  Missile Turret, Supply Depot  
  133  9:16  Refinery  
  135  9:22  SCV x3  
  138  9:26  Marauder  
  138  9:28  Refinery  
  140  9:32  Marauder  
  140  9:34  SCV x3  
  145  9:39  Factory  
Show
View Real Time Build Order
Export as new Build Order

Ruginila Protoss 

Build Orders:  

Get SALT Encoding   

  12  0:01  Probe  
  13  0:13  Probe  
  14  0:18  Pylon  
  14  0:25  Probe  
  15  0:36  Probe  
  15  0:38  Gateway  
  16  0:45  Probe  
  17  0:50  Assimilator  
  17  1:05  Probe  
  17  1:09  Pylon  
  18  1:13  Probe  
  19  1:21  Probe  
  20  1:27  Cybernetics Core  
  20  1:31  Probe  
  21  1:43  Probe  
  21  1:57  Probe  
  22  2:04  Stalker  
  24  2:13  Gateway  
  24  2:27  Twilight Council  
  23  2:30  Probe  
  23  2:35  Zealot  
  26  2:46  Warp Gate  
  26  2:49  Pylon  
  26  2:58  Probe  
  27  3:09  Stalker  
  27  3:10  Probe  
  30  3:12  Nexus  
  30  3:22  Probe, Charge  
  30  3:26  Assimilator  
  31  3:34  Probe  
  32  3:43  Zealot  
  32  3:47  Probe  
  35  4:00  Probe, Pylon  
  36  4:02  Shield Battery  
  36  4:12  Zealot  
  38  4:18  Zealot  
  40  4:29  Probe x2  
  42  4:41  Probe x2  
  44  4:51  Pylon  
  44  4:55  Forge  
  44  4:57  Probe x2  
  44  4:58  Zealot  
  44  4:59  Zealot  
  50  5:09  Probe x2  
  52  5:14  Pylon  
  52  5:19  Pylon  
  52  5:20  Stalker x2  
  52  5:21  Probe x2  
  57  5:22  Assimilator  
  57  5:26  Blink, Assimilator  
  58  5:35  Photon Cannon  
  58  5:37  Photon Cannon  
  58  5:41  Shield Battery  
  58  5:46  Robotics Facility  
  58  5:48  Probe x2  
  60  6:00  Probe  
  60  6:01  Probe  
  62  6:04  Photon Cannon  
  62  6:05  Zealot  
  62  6:06  Photon Cannon  
  62  6:09  Sentry  
  66  6:17  Gateway  
  66  6:18  Gateway  
  66  6:26  Gateway  
  66  6:27  Probe x2  
  68  6:33  Observer  
  68  6:39  Probe x2  
  71  6:46  Photon Cannon  
  71  6:48  Photon Cannon  
  71  6:53  Shield Battery  
  71  6:59  Photon Cannon  
  71  7:01  Stalker x2  
  75  7:21  Photon Cannon x2  
  75  7:23  Photon Cannon  
  75  7:26  Protoss Ground Weapons Level 1  
  75  7:30  Stalker  
  75  7:31  Stalker x2  
  75  7:35  Stalker  
  83  7:37  Sentry  
  85  8:16  Observer  
  86  8:24  Templar Archives  
  86  8:27  Pylon  
  86  8:31  Pylon  
  86  8:35  Gateway  
  86  8:40  Gateway  
  86  8:43  Gateway  
  86  8:45  Observer  
  87  8:58  Nexus  
  87  9:00  Pylon  
  87  9:03  Pylon  
  87  9:07  Pylon  
  87  9:10  Stalker x4  
  87  9:11  Stalker  
  97  9:32  Photon Cannon  
  97  9:34  Photon Cannon  
  97  9:35  Shield Battery  
  96  10:27  Zealot x2  
  96  10:28  Zealot x6  
Show
View Real Time Build Order
Export as new Build Order

Monkey Zerg 

Build Orders: Hatch First 

Get SALT Encoding   

  12  0:01  Drone  
  13  0:13  Overlord  
  13  0:18  Drone  
  14  0:31  Drone x2  
  14  0:35  Drone  
  17  1:02  Hatchery  
  16  1:06  Drone x2  
  16  1:08  Drone  
  19  1:22  Drone  
  20  1:26  Extractor, Spawning Pool  
  20  1:29  Drone  
  19  1:45  Drone  
  20  1:57  Drone  
  20  2:01  Overlord  
  21  2:14  Queen, Zergling x2  
  24  2:20  Drone  
  24  2:21  Queen  
  27  2:34  Zergling x2  
  27  2:36  Metabolic Boost  
  28  2:38  Zergling x4  
  30  2:45  Zergling x2  
  31  2:53  Drone x2  
  31  2:56  Queen  
  35  3:05  Roach Warren  
  34  3:06  Drone  
  34  3:07  Drone  
  34  3:09  Overlord x2  
  36  3:41  Drone x5  
  41  3:49  Roach x2  
  41  3:50  Roach  
  41  3:53  Hatchery  
  46  3:55  Drone  
  46  3:56  Overlord  
  46  3:58  Drone  
  48  4:10  Spore Crawler  
  48  4:12  Drone x4  
  48  4:13  Spore Crawler  
  50  4:39  Roach x5  
  50  4:41  Overlord x2  
  50  4:42  Overlord  
  60  4:51  Lair  
  61  5:00  Drone  
  61  5:02  Drone x3  
  61  5:04  Extractor  
  61  5:05  Extractor  
  62  5:07  Baneling Nest  
  61  5:15  Zergling x12  
  67  5:31  Drone x2  
  69  5:40  Drone  
  69  5:41  Drone x3  
  73  5:56  Baneling x10  
  72  6:02  Drone x3, Zergling x2  
  72  6:03  Zergling x4  
  72  6:04  Zergling x10  
  83  6:31  Baneling x11  
  83  6:33  Baneling  
  83  6:50  Drone x3  
  83  6:53  Extractor  
  85  6:54  Extractor  
  85  6:55  Spore Crawler  
  83  7:12  Hydralisk Den  
  82  7:21  Evolution Chamber  
  81  7:24  Evolution Chamber  
  80  7:45  Hydralisk x5  
  80  7:46  Hydralisk  
  80  7:50  Overlord x5  
  90  7:51  Overlord  
  90  7:53  Zerg Missile Weapons Level 1, Zerg Ground Armor Level 1  
  88  8:00  Overlord  
  88  8:01  Spore Crawler  
  88  8:02  Spore Crawler  
  86  8:08  Queen x2  
  90  8:16  Extractor  
  90  8:19  Infestation Pit  
  88  8:24  Grooved Spines  
  88  8:27  Drone  
  88  8:28  Drone x9  
  98  8:57  Baneling  
  98  8:58  Baneling x5, Hydralisk x4  
  98  8:59  Hydralisk  
  108  9:14  Overseer x3  
  108  9:38  Hydralisk x3  
  108  9:39  Hydralisk x2  
  108  9:41  Hydralisk  
  120  10:17  Baneling  
  120  10:18  Baneling  
Tags
 
Add a new tag
Caveats
  • Supply blocks, unpowered buildings, or Contaminate may cause inaccurate times.
  • Supply counts are checked every 10 seconds.